Map: Glittering Ashes LE

Players

Pumba - Winner!

  • Race: Protoss Protoss
  • League: Bronze
  • Spawn Location: 1:00

Srirachuhh

  • Race: Protoss Protoss
  • Spawn Location: 7:00

VOD

Have the link to the VOD?

Description

Time

  • Played on: Jan. 25, 2022, 5:44 p.m.
  • Length: 8:27
Show
View Real Time Build Order
Export as new Build Order

Pumba Protoss - Winner!

Build Orders: 1 Gate Expand, Zealot Archon 

Get SALT Encoding   

  12  0:00  Probe  
  13  0:13  Probe  
  14  0:20  Pylon  
  14  0:26  Probe  
  15  0:39  Probe (Chrono Boost)  
  16  0:43  Gateway  
  16  0:49  Probe (Chrono Boost)  
  17  0:50  Assimilator  
  17  0:54  Probe (Chrono Boost)  
  18  1:05  Probe  
  19  1:18  Probe  
  20  1:27  Nexus  
  20  1:38  Cybernetics Core  
  20  1:40  Probe  
  21  1:47  Assimilator  
  21  1:52  Probe  
  21  1:53  Pylon  
  22  2:04  Probe  
  22  2:05  Warp Gate  
  23  2:12  Stalker (Chrono Boost)  
  25  2:16  Probe  
  26  2:28  Probe  
  27  2:36  Robotics Facility  
  27  2:40  Stalker  
  29  2:48  Probe (Chrono Boost)  
  31  2:53  Probe (Chrono Boost)  
  31  2:58  Probe (Chrono Boost)  
  32  3:02  Probe (Chrono Boost)  
  32  3:03  Probe (Chrono Boost)  
  34  3:05  Gateway  
  34  3:08  Gateway  
  34  3:12  Probe  
  35  3:18  Pylon  
  35  3:21  Probe  
  35  3:24  Probe  
  37  3:31  Stalker  
  37  3:33  Observer (Chrono Boost)  
  37  3:34  Probe  
  41  3:36  Probe  
  42  3:54  Probe x2  
  44  3:56  Immortal  
  48  4:06  Probe x2  
  50  4:11  Stalker x2  
  54  4:17  Pylon  
  54  4:19  Pylon  
  54  4:31  Twilight Council  
  54  4:34  Assimilator  
  54  4:35  Probe x2  
  54  4:38  Assimilator  
  56  4:47  Probe  
  56  4:50  Probe  
  58  4:59  Probe  
  59  5:06  Gateway  
  59  5:07  Gateway  
  59  5:10  Gateway x2  
  59  5:13  Gateway  
  59  5:14  Charge (Chrono Boost)  
  59  5:22  Gateway x2  
  59  5:34  Templar Archives  
  59  5:37  Pylon  
  59  5:39  Immortal (Chrono Boost), Pylon  
  63  5:43  Pylon  
  63  5:44  Pylon  
  63  5:51  Pylon  
  63  5:52  Zealot x2  
  63  5:53  Zealot  
  69  6:07  Warp Prism (Chrono Boost)  
  71  6:19  Zealot x6  
  71  6:20  Zealot x2  
  87  6:27  Pylon  
  87  6:29  Pylon  
  87  6:32  Pylon  
  87  6:36  Pylon  
  87  6:51  Zealot x5  
  87  6:53  Zealot  
  99  7:13  High Templar x2  
  99  7:14  High Templar x2  
  107  7:16  High Templar x2  
  107  7:17  High Templar x2  
  107  7:21  Archon  
  107  7:22  Archon x3  
  115  7:46  Stalker x5  
  115  7:47  Stalker  
Show
View Real Time Build Order
Export as new Build Order

Srirachuhh Protoss 

Build Orders:  

Get SALT Encoding   

  12  0:10  Probe (Chrono Boost)  
  13  0:22  Pylon  
  13  0:31  Pylon  
  13  0:37  Assimilator  
  13  0:43  Gateway  
  13  0:58  Probe (Chrono Boost)  
  13  0:59  Forge  
  14  1:10  Probe (Chrono Boost)  
  16  1:19  Probe (Chrono Boost)  
  16  1:37  Photon Cannon  
  16  1:57  Pylon  
  16  2:04  Pylon  
  16  2:06  Probe (Chrono Boost)  
  18  2:17  Probe (Chrono Boost)  
  18  2:21  Probe (Chrono Boost)  
  19  2:33  Nexus  
  19  2:36  Probe  
  20  2:41  Assimilator  
  20  2:48  Probe  
  21  3:02  Probe, Cybernetics Core  
  22  3:13  Protoss Ground Weapons Level 1  
  22  3:29  Gateway  
  22  3:31  Gateway  
  22  3:37  Gateway  
  22  3:43  Gateway  
  22  3:57  Robotics Facility  
  22  3:59  Stargate  
  22  4:02  Stargate  
  22  4:08  Pylon  
  22  4:16  Pylon  
  22  4:30  Warp Gate  
  22  4:47  Probe (Chrono Boost)  
  22  4:48  Probe (Chrono Boost)  
  24  4:57  Probe (Chrono Boost)  
  24  4:58  Probe (Chrono Boost)  
  26  5:02  Probe x2 (Chrono Boost)  
  28  5:13  Probe  
  28  5:14  Probe  
  30  5:25  Probe  
  30  5:26  Probe  
  30  5:28  Void Ray  
  36  5:29  Void Ray  
  40  5:38  Assimilator  
  40  5:40  Probe (Chrono Boost)  
  40  5:41  Probe (Chrono Boost)  
  40  5:42  Assimilator  
  44  5:51  Probe x2 (Chrono Boost)  
  44  5:55  Probe x2 (Chrono Boost)  
  46  6:06  Probe  
  46  6:07  Probe  
  46  6:11  Robotics Bay  
  48  6:19  Probe (Chrono Boost)  
  48  6:20  Probe (Chrono Boost)  
  50  6:31  Probe (Chrono Boost)  
  51  6:39  Probe (Chrono Boost)  
  52  6:45  Probe  
  53  7:01  Pylon  
  53  7:25  Nexus  
  53  7:29  Assimilator  
  53  7:33  Assimilator  
  53  7:35  Void Ray x2  
  61  7:38  Pylon  
  61  7:41  Pylon  
Tags
 
Add a new tag
Caveats
  • Supply blocks, unpowered buildings, or Contaminate may cause inaccurate times.
  • Supply counts are checked every 10 seconds.